 Dungeon Crawl Stone Soup version 0.20-a0-645-g0ac6e19 (webtiles) character file.

114 MolotovDodgeball the Magician (level 4, -2/24 HPs)
             Began as a Deep Elf Fire Elementalist on Feb 14, 2017.
             Killed from afar by an orc wizard (9 damage)
             ... with a magic dart
             ... on level 3 of the Dungeon on Feb 15, 2017.
             The game lasted 00:05:34 (1768 turns).

MolotovDodgeball the Magician (DEFE)                Turns: 1768, Time: 00:05:35

Health: -2/24      AC:  3    Str:  5    XL:     4   Next: 66%
Magic:  4/12       EV: 13    Int: 21    God:
Gold:   106        SH:  0    Dex: 15    Spells: 8/12 levels left

rFire    . . .     SeeInvis .   d - -2 dagger (curse)
rCold    . . .     Gourm    .   a - +1 robe
rNeg     . . .     Faith    .   (no shield)
rPois    .         Spirit   .   (no helmet)
rElec    .         Reflect  .   (no cloak)
rCorr    .         Harm     .   (no gloves)
MR       .....                  (no boots)
Stlth    +.........             (no amulet)
Regen    0.1/turn               (no ring)
MPRegen  0.2/turn               k - ring of loudness (curse)

@: very slightly contaminated
A: no striking features
a: no special abilities


You were on level 3 of the Dungeon.
You were hungry.

You visited 1 branch of the dungeon, and saw 3 of its levels.

You collected 106 gold pieces.

Inventory:

Hand Weapons
 d - a cursed -2 dagger (weapon)
 e - a +1 dagger of venom
 l - a +3 mace of holy wrath
Missiles
 n - 7 tomahawks of returning (quivered)
Armour
 a - a +1 robe (worn)
Magical Staves
 q - an uncursed staff of death
Jewellery
 k - a cursed ring of loudness (left hand)
Scrolls
 f - a scroll of enchant armour
 m - 3 scrolls of teleportation
Potions
 h - a potion of heal wounds {unknown}
 j - a potion of curing {unknown}
 o - a potion of flight {unknown}
Books
 b - a book of Flames

   Spells                             Type                      Level
   a - Flame Tongue                   Conjuration/Fire             1
   b - Throw Flame                    Conjuration/Fire             2
   c - Conjure Flame                  Conjuration/Fire             3
   d - Inner Flame                    Hexes/Fire                   3
   e - Sticky Flame                   Conjuration/Fire             4
   f - Fireball                       Conjuration/Fire             5
Comestibles
 c - 2 bread rations
 g - 3 royal jellies
 i - 2 meat rations
 p - a chunk of flesh


   Skills:
 - Level 2.4 Dodging
 - Level 2.4 Stealth
 + Level 4.8 Spellcasting
 + Level 2.2 Conjurations
 + Level 4.5 Fire Magic


You had 8 spell levels left.
You knew the following spells:

 Your Spells              Type           Power        Failure   Level  Hunger
a - Flame Tongue          Conj/Fire      ###..        2%          1    None
b - Conjure Flame         Conj/Fire      ###.....     10%         3    ##.....


Dungeon Overview and Level Annotations

Branches:
Dungeon (3/15)

Altars:
Hepliaklqana


Message History

You miscast Conjure Flame.
You smell something strange.
The bat barely misses you. The bat hits you but does no damage.
Casting: Conjure Flame
Confirm with . or Enter, or press ? or * to list all spells.
Aiming: Flame Tongue
Press: ? - help, Shift-Dir - straight line, f - bat
Aim: a bat The flame tongue hits the bat.
The bat is moderately wounded.
The bat misses you.
Casting: Flame Tongue
Confirm with . or Enter, or press ? or * to list all spells.
Aiming: Flame Tongue
Press: ? - help, Shift-Dir - straight line, f/p - bat
Aim: a bat (moderately wounded)
The flame tongue hits the bat.
You kill the bat!
The orc wizard points at you and mumbles some strange words.
The magic dart hits you!
You die...

#.#.##.# #(#......#.#.#
#.#.##.#####.#..###.#.#.#
#g#.##.#....(...# #.#.#.#
#.#.##.#.###.#..###.#.#.#
#.#.##.#.#.#.#......#.#.#
#.#.##.#.#<#.##.#####.#.######
#.#.##.#.#.#.......o......)...
#.#....#...#......o.o.#)######
#?###########@#######.#'######
#.............# #.............
############### #........#####
#........# #.. ########.# #..
#.# #.. #.# #.. #.# #.. #.# #.


You could see 2 orc wizards and an orc.

Vanquished Creatures
  An iguana (D:3)
  2 adders (D:2)
  3 gnolls (D:3)
  An ooze (D:3)
  2 orcs (D:3)
  7 bats
  2 goblins
  8 hobgoblins
  2 jackals (D:2)
  A frilled lizard (D:1)
  3 kobolds
  6 rats
38 creatures vanquished.

Notes
Turn   | Place    | Note
-------+----------+-------------------------------------------
     0 | D:1      | MolotovDodgeball the Deep Elf Fire Elementalist began the quest for the Orb.
     0 | D:1      | Reached XP level 1. HP: 10/10 MP: 6/6
   180 | D:1      | Reached XP level 2. HP: 15/15 MP: 1/8
   722 | D:2      | Reached XP level 3. HP: 19/19 MP: 3/10
   920 | D:2      | Found a hazy altar of Hepliaklqana.
  1400 | D:3      | Reached XP level 4. HP: 10/24 MP: 8/12
  1574 | D:3      | Learned a level 3 spell: Conjure Flame
  1768 | D:3      | Killed from afar by an orc wizard

Vault maps used:
D:1:      saegor_arrival_simple_d, minmay_box_of_dots
D:2:      nicolae_overflow_crystal_walls
D:3:      nicolae_ru_great_annihilating_truth, first_bread

Skill      XL: |  1  2  3  4 |
---------------+-------------+-----
Fire Magic     | 4 |  4.5
Spellcasting   | 4 |  4.8
Conjurations   | 2 |  2.2
Dodging        | |  2.4
Stealth        | |  2.4

Action                   |  1- 3 |  4- 6 || total
-------------------------+-------+-------++-------
Melee: Dagger            |     9 |       ||     9
 Cast: Flame Tongue      |    56 |    15 ||    71
       Conjure Flame     |       |     2 ||     2
  Use: Scroll            |     6 |       ||     6
  Eat: Chunk             |     1 |     1 ||     2
Armor: Robe              |    11 |     8 ||    19
Dodge: Dodged            |    31 |    11 ||    42
